 Dungeon Crawl Stone Soup version 0.28-a0-563-gf77a47075d (webtiles) character file.

Game seed: 16228056972946287306

2 siradein the Ducker (level 1, 0/11 HPs)
             Began as a Spriggan Berserker on Oct 1, 2021.
             Was a Follower of Trog.
             Frozen to death by an endoplasm (4 damage)
             ... on level 1 of the Dungeon.
             The game lasted 00:00:56 (118 turns).

siradein the Ducker (Spriggan Berserker)             Turns: 118, Time: 00:00:57

Health: 0/11       AC:  2    Str: 13    XL:     1   Next: 25%
Magic:  2/2        EV: 18    Int:  8    God:    Trog [*.....]
Gold:   0          SH:  0    Dex: 14    Spells: 0/0 levels left

rFire   + . .      SeeInvis +   a - +0 hand axe
rCold   . . .      Faith    .   (shield restricted)
rNeg    . . .      Spirit   .   b - +0 animal skin
rPois   .          Reflect  .   (helmet restricted)
rElec   .          Harm     .   (no cloak)
rCorr   .          Rampage  .   (gloves unavailable)
Will    .....                   (boots unavailable)
Stlth   +.........              (no amulet)
HPRegen 0.03/turn               d - ring of protection from fire
MPRegen 0.08/turn               (no ring)

@: very quick
A: very small, no large weapons, unfitting armour, see invisible, speed 3
a: Renounce Religion, Berserk


You were on level 1 of the Dungeon.
You worshipped Trog.
Trog was aware of your devotion.
You visited 1 branch of the dungeon, and saw 1 of its levels.

Inventory:

Hand Weapons
 a - a +0 hand axe (weapon)
Armour
 b - a +0 animal skin (worn)
Jewellery
 d - a ring of protection from fire (left hand)
Scrolls
 c - 2 scrolls of identify {unknown}


   Skills:
 + Level 2.4 Fighting
 + Level 2.4 Axes
 + Level 4.1 Dodging
 + Level 0.0 Stealth


You couldn't memorise any spells.
You didn't know any spells.
Your spell library was empty.

Dungeon Overview and Level Annotations

Branches:
Dungeon (1/15)

Altars:


Innate Abilities, Weirdness & Mutations

You are very small and have problems with some larger weapons.
You are too small for most types of armour.
You have supernaturally acute eyesight. (SInv)
You cover ground extremely quickly. (Speed+++)


Message History

An endoplasm is nearby!
An endoplasm is nearby!
An endoplasm is nearby!
An endoplasm is nearby!
A bat comes into view.
The endoplasm quivers.
The bat misses you.
You hit the bat but do no damage. You hit the endoplasm.
The bat closely misses you. The endoplasm freezes you.
You are frozen.
You hit the endoplasm.
The endoplasm is almost dead.
The bat closely misses you. The endoplasm barely misses you.
The endoplasm freezes you.
You are frozen.
* * * LOW HITPOINT WARNING * * *
You are too injured to fight recklessly!
You are too injured to fight recklessly!
You are too injured to fight recklessly!
You are too injured to fight recklessly!
You are too injured to fight recklessly!
Unknown command.
The bat hits you but does no damage. The bat misses you. The bat misses you.
The bat hits you but does no damage. The bat misses you. The bat misses you.
The bat closely misses you. The bat barely misses you. The bat misses you.
You barely miss the bat. The bat hits you but does no damage.
The bat misses you. The bat misses you.
You see here a rat corpse.
The bat completely misses you. The endoplasm freezes you.
You are frozen.
You die...

#...##..###.# .#.#
###....#..# #.#######.#.#
#.'.<..'..###...).......#
#.#....#..##..#####.#.###
#.#...##.....## #...#
#.#..##...#.># ##.##
#.#..#....#..# #.#
#.#..#.8..#..#######.#
#.#..#.........@b....#
#.#..##...#...[.J.####
##..##.####.# ##....# #.#
## #.# #.### #...# ###.#
#.#


You could see an endoplasm and a bat.

Vanquished Creatures
  A kobold (D:1)
  A rat (D:1)
2 creatures vanquished.

Notes
Turn   | Place    | Note
-------+----------+-------------------------------------------
     0 | D:1      | siradein the Spriggan Berserker began the quest for the
                  | Orb.
     0 | D:1      | Reached XP level 1. HP: 11/11 MP: 2/2
   118 | D:1      | Frozen to death by an endoplasm

Illustrated notes

Levels and vault maps discovered:
D:1:      giann_horns, layout_loops_ring, shapermc_ecumenical_altar_ellora,
          serial_bayou, serial_bayou_ford_a, serial_bayou_pond_e,
          serial_bayou_shore_b, serial_bayou_crossing, serial_bayou_pond_d,
          minmay_misc_feat_encased, hex_large

Action                   || total
-------------------------++-------
Melee: Hand axe          ||     6
Armor: Animal skin       ||     3
Dodge: Dodged            ||    17

Table legend: (Time is in decaauts)
 A = Elapsed time spent in this place.
 B = Non-inter-level travel time spent in this place.
 C = Inter-level travel time spent in this place.
 D = Time resting spent in this place.
 E = Time spent auto-exploring this place.
 F = Levels seen in this place.
 G = Mean time per level.
                   A        B        C        D        E       F      G
               +--------+--------+--------+--------+--------+-----+--------+
         Total |     76 |     76 |      0 |      0 |     42 |   1 |   76.0 |
       Dungeon |     76 |     76 |      0 |      0 |     42 |   1 |   76.0 |
               +--------+--------+--------+--------+--------+-----+--------+

Top non-repeatable levels by time:
     D:1: 76 daAuts
